 Dungeon Crawl Stone Soup version 0.26.0-7-g794d0892b4 (webtiles) character file.

Game seed: 11647061599139827781

1634 ikjuyhgtrf the Cleaver (level 8, -4/72 HPs)
             Began as a Deep Dwarf Fighter on Jan 11, 2021.
             Was an Initiate of Makhleb.
             Killed from afar by Dowan (26 damage)
             ... with a shard of ice
             ... on level 6 of the Dungeon.
             The game lasted 00:11:33 (4235 turns).

ikjuyhgtrf the Cleaver (Deep Dwarf Fighter)         Turns: 4235, Time: 00:11:35

Health: -4/72      AC: 10    Str: 25    XL:     8   Next: 66%
Magic:  6/6        EV:  8    Int:  9    God:    Makhleb [......]
Gold:   283        SH: 10    Dex: 12    Spells: 7/7 levels left

rFire    . . .     SeeInvis .   a - +0 war axe
rCold    . . .     Faith    .   c - +0 kite shield
rNeg     . . .     Spirit   .   b - +0 scale mail
rPois    .         Reflect  .   (no helmet)
rElec    .         Harm     .   x - +0 cloak
rCorr    .         Rampage  .   r - +1 pair of gloves {Str+3}
Will     +....                  (no boots)
Stlth    ++........             (no amulet)
HPRegen  0.00/turn              t - ring of stealth
MPRegen  0.10/turn              (no ring)

@: non-regenerating, hasted, very quick
A: damage resistance, heal wounds, sense surroundings 1, no regeneration
a: Heal Wounds, Renounce Religion


You were on level 6 of the Dungeon.
You worshipped Makhleb.
Makhleb was noncommittal.
You visited 2 branches of the dungeon, and saw 7 of its levels.

You collected 283 gold pieces.

Inventory:

Hand Weapons
 a - a +0 war axe (weapon)
Armour
 b - a +0 scale mail (worn)
 c - a +0 kite shield (worn)
 r - a +1 pair of gloves of strength (worn)
 x - a +0 cloak (worn)
Jewellery
 t - a ring of stealth (left hand)
Wands
 p - a wand of iceblast (6)
 v - a wand of flame (4)
 y - a wand of random effects (23)
Scrolls
 f - 4 scrolls of identify
 g - 2 scrolls of noise {unknown}
 h - 5 scrolls of teleportation
 k - a scroll of enchant armour {unknown}
 n - a scroll of immolation {unknown}
 o - 2 scrolls of amnesia
 q - a scroll of fog {unknown}
 s - 2 scrolls of remove curse
 w - a scroll of enchant weapon {unknown}
Potions
 d - 2 potions of might
 e - a potion of curing
 i - 3 potions of haste
 j - 2 potions of lignification
 l - 2 potions of heal wounds
 m - a potion of attraction
 u - a potion of invisibility


   Skills:
 + Level 3.9 Fighting
 + Level 9.9 Axes
 + Level 5.3 Armour
 + Level 1.7 Dodging
 - Level 2.4 Stealth
 + Level 4.7 Shields


You had 7 spell levels left.
You didn't know any spells.
Your spell library was empty.

Dungeon Overview and Level Annotations

Branches:
Dungeon (6/15)             Temple (1/1) D:6

Altars:
Ashenzari
Cheibriados
Dithmenos
Gozag
Makhleb
Nemelex Xobeh
Okawaru
Sif Muna
Trog
Zin

Annotations:
D:6 Dowan


Innate Abilities, Weirdness & Mutations

You are resistant to damage.
You can heal yourself by infusing magical energy.
You passively map a small area around you.
You do not regenerate.


Message History

You hit Duvessa.
You kill Duvessa!
Makhleb accepts your kill.
Dowan screams, "No!
Oh no!"
Dowan seems to find hidden reserves of power!
You hit the centaur. You block the centaur's attack.
Dowan hits you but does no damage.
You barely miss Dowan.
Dowan is heavily wounded.
You barely miss the centaur.
The centaur hits you but does no damage.
Dowan closely misses you.
You miss Dowan.
Dowan is heavily wounded.
You hit the centaur.
You kill the centaur!
Makhleb accepts your kill.
Dowan points at you and mumbles some strange words.
The shard of ice hits you!!
You die...

#..###.........., ,
..####..##..................
.......###..................
...⌠...#
#...............§..,, ,
......## #..................
, .⌠.>.⌠#
#...........§§..... ......#
#............§§.§.. ,
...⌠..# ##.......)!...§§P§..
......###.......@).?(.§§§§
.....###.........e....§§§§
........................§...
..#######..§................
, .. ##§§§...............
..* #§P§§.............. #.*
#P§§§.............. , *
#§§§§§............. , *
#§§§§............


You could see Dowan (fast).

Vanquished Creatures
  Grinder (D:4)
  Menkaure (D:5)
  Edmund (D:4)
  Duvessa (D:6)
  2 ice beasts (D:5)
  A phantom (D:6)
  An ogre (D:5)
  A centaur (D:6)
  Blork the orc (D:4)
  A wyvern zombie (D:6)
  A scorpion (D:6)
  A howler monkey (D:4)
  3 bullfrog zombies (D:6)
  A hound (D:6)
  A centaur skeleton (D:4)
  An iguana (D:6)
  2 orc wizards (D:3)
  4 worker ants
  A hound skeleton (D:6)
  9 adders
  3 white imps
  A worm (D:2)
  A leopard gecko (D:2)
  12 orcs
  3 giant cockroaches
  10 goblins
  15 hobgoblins
  11 jackals
  5 quokkas
  A ball python (D:5)
  A ball python skeleton (D:6)
  6 bats
  4 frilled lizards
  10 kobolds
  2 quokka skeletons
  5 rats
125 creatures vanquished.

Vanquished Creatures (others)
  3 withered plants (D:6)
3 creatures vanquished.

Grand Total: 128 creatures vanquished

Notes
Turn   | Place    | Note
-------+----------+-------------------------------------------
     0 | D:1      | ikjuyhgtrf the Deep Dwarf Fighter began the quest for the
                  | Orb.
     0 | D:1      | Reached XP level 1. HP: 20/20 MP: 1/1
   174 | D:1      | Reached skill level 3 in Axes
   175 | D:1      | Reached XP level 2. HP: 27/27 MP: 2/2
   456 | D:1      | Reached XP level 3. HP: 26/33 MP: 3/3
   491 | D:1      | Reached skill level 4 in Axes
   798 | D:2      | Found an opulent altar of Gozag.
   998 | D:2      | Reached XP level 4. HP: 27/40 MP: 4/4
  1003 | D:2      | Reached skill level 5 in Axes
  1522 | D:3      | Reached skill level 1 in Stealth
  1540 | D:3      | Reached XP level 5. HP: 14/46 MP: 5/5
  1581 | D:3      | Reached skill level 6 in Axes
  2236 | D:3      | Found a shadowy altar of Dithmenos.
  2365 | D:4      | Noticed Blork the orc
  2379 | D:4      | Killed Blork the orc
  2380 | D:4      | Reached XP level 6. HP: 24/55 MP: 6/6
  2406 | D:4      | Reached skill level 7 in Axes
  2472 | D:4      | Noticed Edmund
  2497 | D:4      | Killed Edmund
  2498 | D:4      | Reached skill level 8 in Axes
  2524 | D:4      | You fall into a shaft and drop 1 floor!
  2524 | D:5      | Entered Level 5 of the Dungeon
  2525 | D:5      | Noticed an ice beast
  2539 | D:5      | Killed an ice beast
  2540 | D:5      | Reached XP level 7. HP: 27/61 MP: 7/7
  2677 | D:4      | Noticed Grinder
  2707 | D:4      | Paralysed by Grinder for 7 turns
  2712 | D:4      | HP: 2/62 [Grinder (5)]
  2723 | D:4      | Killed Grinder
  3120 | D:5      | Noticed Menkaure
  3129 | D:5      | Killed Menkaure
  3130 | D:5      | Reached skill level 9 in Axes
  3130 | D:5      | Reached skill level 1 in Dodging
  3130 | D:5      | Reached XP level 8. HP: 50/69 MP: 6/6
  3996 | D:6      | Found a staircase to the Ecumenical Temple.
  4014 | D:6      | Reached skill level 5 in Armour
  4018 | Temple   | Entered the Ecumenical Temple
  4157 | Temple   | Became a worshipper of Makhleb the Destroyer
  4209 | D:6      | Noticed Dowan
  4211 | D:6      | Noticed Duvessa
  4233 | D:6      | Killed Duvessa
  4235 | D:6      | Killed from afar by Dowan

Illustrated notes

Levels and vault maps discovered:
D:1:      elethiomel_arrival_shortcut, layout_basic
D:2:      layout_basic, nicolae_gozag_seed_capital, serial_forest,
          infiniplex_forest_clump_diagonal, infiniplex_forest_side_room,
          infiniplex_forest_lined_2, infiniplex_forest_zigzag_2,
          minmay_indecisive_spiral
D:3:      layout_basic, nicolae_dithmenos_through_a_glass_darkly,
          minmay_crystal_water
D:4:      layout_loops_ring, uniq_blork_the_orc, uniq_edmund, uniq_grinder
D:5:      layout_basic, st_stairs_1, uniq_menkaure
D:6:      layout_layer_cave, lemuel_zombie_altar_yredelemnul, temple_fountains,
          serial_undead, serial_undead_c, serial_undead_a, serial_undead_b,
          serial_undead_b, serial_undead_b, minmay_hedge_maze, uniq_duvessa
Temple:   regret_index_temple_generic_petals

Skill      XL: |  1  2  3  4  5  6  7  8 |
---------------+-------------------------+-----
Axes           | 3 4 5 6 8 9 |  9.9
Stealth        | 1 2 |  2.4
Fighting       | 3 |  3.9
Armour         | 4 5 |  5.3
Dodging        | 1 |  1.7
Shields        | 4 |  4.7

Action                   |  1- 3 |  4- 6 |  7- 9 || total
-------------------------+-------+-------+-------++-------
Melee: War axe           |   118 |   143 |   135 ||   396
 Abil: Heal Wounds       |       |     3 |     5 ||     8
  Use: Scroll            |       |     7 |     2 ||     9
       Potion            |       |       |     1 ||     1
 Stab: Sleeping          |       |       |     2 ||     2
Armor: Scale mail        |    63 |    38 |    41 ||   142
Dodge: Dodged            |    50 |    48 |    37 ||   135
Block: Kite shield       |    65 |    55 |    73 ||   193
